 Dungeon Crawl Stone Soup version 0.31-a0-189-ga26ba32dd1 (webtiles) character file.

Game seed: 4981528251111941770

309 qw the Skirmisher (level 6, -3/35 HPs)
             Began as a Deep Elf Hunter on June 23, 2023.
             Slain by a gnoll
             ... wielding a +1 flail of protection
              (9 damage)
             ... on level 4 of the Dungeon.
             The game lasted 00:01:13 (2918 turns).

qw the Skirmisher (Deep Elf Hunter)                 Turns: 2918, Time: 00:01:13

Health: -3/35      AC:  6    Str: 10    XL:     6   Next: 17%
Magic:  8/8        EV: 11    Int: 14    God:
Gold:   226        SH:  0    Dex: 18    Spells: 5/5 levels left

rFire   . . .        Y - +1 shortbow
rCold   . . .        (shield currently unavailable)
rNeg    . . .        b - +0 ring mail
rPois   .            (no helmet)
rElec   .            (no cloak)
rCorr   .            (no gloves)
SInv    .            d - +0 pair of boots
Will    +....        (no amulet)
Stlth   +            a - ring of willpower
HPRegen 0.25/turn    (no ring)
MPRegen 0.11/turn

%: no passive effects
@: no status effects
A: no striking features
a: no special abilities


You were on level 4 of the Dungeon.
You visited 1 branch of the dungeon, and saw 4 of its levels.

You collected 226 gold pieces.


   Skills:
 - Level 2.0 Fighting
 + Level 9.4 Ranged Weapons
 - Level 3.0 Dodging
 - Level 1.2 Stealth


You had 5 spell levels left.
You didn't know any spells.
Your spell library was empty.

Inventory:

Hand Weapons
 Y - a +1 shortbow (weapon)
Armour
 b - a +0 ring mail (worn)
 d - a +0 pair of boots (worn)
Jewellery
 a - a ring of willpower (left hand)
Potions
 e - a potion of haste {unknown}
 h - a potion of curing
 i - a potion of degeneration {unknown}
 k - a potion of lignification {unknown}

Dungeon Overview and Level Annotations

Branches:
Dungeon (4/15)
 Temple: D:4-7

Altars:
Ashenzari
Wu Jian
Zin

Shops:
D:1 =   D:2 =

Annotations:
D:2 1 runed translucent door, Crazy Yiuf


Message History

You shoot an arrow. The arrow hits the iguana.
The iguana is severely wounded.
The kobold hits you with a +0 dagger. The iguana closely misses you.
You shoot an arrow. The arrow hits the iguana.
You kill the iguana!
The kobold hits you but does no damage.
You shoot an arrow. The arrow hits the kobold.
You kill the kobold!
You start resting.
Your surroundings suddenly seem different.
A kobold comes into view. It is wielding a +0 short sword.
Found a stone staircase leading down.
The kobold shouts!
You hear a shout! x2; You hear a bark!
The kobold hits you but does no damage.
You hear a shout!
You shoot an arrow. The arrow hits the kobold.
The kobold is severely wounded.
You hear a shout! x2
The kobold hits you but does no damage.
You shoot an arrow.
The arrow hits the kobold but does no damage.
The kobold is severely wounded.
A gnoll comes into view.
It is wielding a +1 flail of protection.
The kobold barely misses you.
You shoot an arrow. The gnoll shouts!
The arrow hits the kobold.
You kill the kobold!
You hear a shout! x2
A gnoll comes into view. It is wielding a +0 club.
You shoot an arrow. The arrow closely misses the gnoll.
The gnoll closely misses you.
You shoot an arrow. The arrow closely misses the gnoll.
The arrow hits the gnoll.
The gnoll is moderately wounded.
You shoot an arrow. The arrow hits the gnoll!
You kill the gnoll!
You shoot an arrow. The arrow barely misses the gnoll.
The gnoll hits you with a +1 flail of protection!
You die...

. .. ...
... #..
#^#...####
#.....g@.#
#........#
.........#
.........#
#.........
..........#
#.........#
.....>.....


You could see a gnoll.

Vanquished Creatures
  3 iguanas
  Natasha (thrice) (D:2)
  A gnoll (D:4)
  7 adders
  3 worms
  3 dart slugs
  3 orcs
  5 ball pythons
  8 endoplasms
  5 giant cockroaches
  4 goblins
  8 hobgoblins
  3 jackals (D:3)
  8 kobolds
  2 bats
  4 frilled lizards
  4 rats (D:3)
74 creatures vanquished.

Notes
Turn   | Place    | Note
-------+----------+-------------------------------------------
     0 | D:1      | qw the Deep Elf Hunter began the quest for the Orb.
     0 | D:1      | Reached XP level 1. HP: 12/12 MP: 3/3
     0 | D:1      | 0 ||| qw: Version: 0.3-a-9-g12657ce
     0 | D:1      | 0 ||| qw: Game counter: 4440
     0 | D:1      | 0 ||| qw: Always use a shield: true
     0 | D:1      | 0 ||| qw: God list: Okawaru
     0 | D:1      | 0 ||| qw: Allow faded altars: false
     0 | D:1      | 0 ||| qw: Do Orc after D:15 true
     0 | D:1      | 0 ||| qw: Do second Lair branch before Depths: true
     0 | D:1      | 0 ||| qw: Lair rune preference: random
     0 | D:1      | 0 ||| qw: Plans: Normal
     0 | D:1      | 0 ||| PLANNING D:1-11
   231 | D:1      | Reached skill level 6 in Ranged Weapons
   231 | D:1      | Reached XP level 2. HP: 16/16 MP: 4/4
   237 | D:1      | Found Kaitus's Jewellery Emporium.
   241 | D:1      | 241 ||| SHOPLISTING +6 ring of strength (360 gold, have
                  | 28).
   241 | D:1      | 241 ||| SHOPLISTING amulet of faith (400 gold, have 28).
   241 | D:1      | 241 ||| SHOPLISTING ring of poison resistance (200 gold,
                  | have 28).
   241 | D:1      | 241 ||| SHOPLISTING ring of positive energy (200 gold, have
                  | 28).
   241 | D:1      | 241 ||| SHOPLISTING ring of protection from fire (250 gold,
                  | have 28).
   241 | D:1      | 241 ||| SHOPLISTING ring of resist corrosion (200 gold,
                  | have 28).
   241 | D:1      | 241 ||| SHOPLISTING ring of see invisible (150 gold, have
                  | 28).
   504 | D:1      | 504 ||| UPGRADING to +0 pair of boots.
   509 | D:1      | 509 ||| READING 2 scrolls labelled KINAASS SUCWO.
   512 | D:1      | 512 ||| READING 2 scrolls labelled DOWIGGEHAK.
   613 | D:1      | 613 ||| READING scroll labelled WYSALL WYIGYGU.
   614 | D:1      | 614 ||| READING scroll labelled TITI NIAMURCHEG.
   615 | D:1      | 615 ||| DRINKING 2 pink potions.
   622 | D:1      | 622 ||| DRINKING 2 yellow potions.
   623 | D:1      | 623 ||| DROPPING scroll of butterflies.
   624 | D:1      | 624 ||| DROPPING potion of ambrosia.
   625 | D:1      | 625 ||| DROPPING scroll of silence.
   665 | D:2      | Found Ozuc's Jewellery Emporium.
   723 | D:2      | Reached XP level 3. HP: 12/20 MP: 5/5
   774 | D:2      | Identified the +6 dagger of Courage {venom, rElec}
   776 | D:2      | Noticed Natasha
   784 | D:2      | HP: 5/20 [cerulean imp/+1 spear[Natasha] (4)]
   785 | D:2      | 785 ||| READING scroll of teleportation.
   786 | D:2      | HP: 1/20 [cerulean imp/+1 spear[Natasha] (4)]
   787 | D:2      | Killed Natasha
   788 | D:2      | Reached skill level 7 in Ranged Weapons
   900 | D:2      | Found a runed translucent door.
   907 | D:2      | Reached XP level 4. HP: 25/25 MP: 6/6
  1050 | D:2      | 1050 ||| SHOPLISTING +5 ring of evasion (432 gold, have
                  | 58).
  1050 | D:2      | 1050 ||| SHOPLISTING amulet of regeneration (360 gold, have
                  | 58).
  1050 | D:2      | 1050 ||| SHOPLISTING amulet of the acrobat (360 gold, have
                  | 58).
  1050 | D:2      | 1050 ||| SHOPLISTING ring of Wauph {rElec rPois rC- Dex+5}
                  | (450 gold, have 58).
  1367 | D:2      | HP: 6/25 [poisoned by an adder]
  1569 | D:2      | Noticed Natasha
  1575 | D:2      | Killed Natasha
  1576 | D:2      | Reached skill level 8 in Ranged Weapons
  1605 | D:2      | Noticed Crazy Yiuf
  1731 | D:2      | Reached XP level 5. HP: 29/29 MP: 7/7
  1828 | D:2      | Noticed Natasha
  1837 | D:2      | Killed Natasha
  1878 | D:2      | 1878 ||| UPGRADING to ring of willpower.
  1879 | D:2      | 1879 ||| DROPPING ring of magical power.
  1880 | D:2      | 1880 ||| READING scroll labelled BOHAEPS JUDYMU.
  1881 | D:2      | 1881 ||| READING scroll labelled ZEAFOA QENYDIF.
  1882 | D:2      | 1882 ||| READING scroll labelled EFFAEW JAPHU.
  1884 | D:2      | 1884 ||| Stepping ~*~*~tactically~*~*~ (cloud).
  2140 | D:3      | Found an ornate altar of the Wu Jian Council.
  2252 | D:3      | Reached skill level 9 in Ranged Weapons
  2267 | D:3      | Found a glowing silver altar of Zin.
  2269 | D:3      | Found a broken altar of Ashenzari.
  2746 | D:3      | Reached skill level 3 in Dodging
  2749 | D:3      | 2749 ||| UPGRADING to +0 ring mail.
  2759 | D:3      | 2759 ||| DROPPING +0 leather armour.
  2760 | D:3      | 2760 ||| DROPPING +2 robe of willpower.
  2761 | D:3      | 2761 ||| DRINKING 2 glowing orange potions.
  2762 | D:3      | 2762 ||| DROPPING potion of brilliance.
  2800 | D:4      | 2800 ||| STAIRDANCE
  2866 | D:4      | Identified the +11 short sword of Triumph {elec, Str+2
                  | Dex+2}
  2881 | D:4      | Reached XP level 6. HP: 35/35 MP: 8/8
  2906 | D:4      | HP: 5/35 [iguana (8)]
  2907 | D:4      | 2907 ||| READING scroll of teleportation.
  2918 | D:4      | Slain by a gnoll

Levels and vault maps discovered:
D:1:      scummos_arrival_hexagon, layout_rooms, serial_shops,
          nicolae_shop_window_shopping
D:2:      layout_basic, serial_shops, nicolae_shop_tiny_waterfront,
          chequers_decorated_corner, st_stairs_13, uniq_natasha,
          uniq_crazy_yiuf_cottage
D:3:      layout_loops_cross, nicolae_wu_jian_wuxing_cycle,
          jmf_multi_god_temple, serial_forest, infiniplex_forest_lined_4_way,
          infiniplex_forest_clump_medium, infiniplex_forest_corner_2,
          infiniplex_forest_straight_3, infiniplex_forest_straight_4
D:4:      layout_rooms, minmay_temple_entry_statues_fountains, serial_shops,
          nicolae_shop_mannequins, kennysheep_little_box, shop_statue, shop,
          minmay_misc_feat_four_crosses, patterned_corridor

Skill      XL: |  1  2  3  4  5 |
---------------+----------------+-----
Ranged Weapons | 6 7 8 9 |  9.4
Dodging        | 3 |  3.0
Fighting       | 2 |  2.0
Stealth        | |  1.2

Action                     |  1- 3 |  4- 6 || total
---------------------------+-------+-------++-------
   Fire: Shortbow          |    67 |   187 ||   254
    Use: Scroll            |     5 |     4 ||     9
         Potion            |     2 |     1 ||     3
 Armour: Leather armour    |     9 |     7 ||    16
         Ring mail         |       |    13 ||    13
  Dodge: Dodged            |    19 |    50 ||    69

Table legend:
 A = Non-vault XP
 B = Vault XP
 C = Vault XP percentage of total XP
 D = Non-vault monster count
 E = Vault monster count
 F = Vault count percentage of total count
                 A         B        C        D         E       F
            +---------+---------+-------+---------+---------+-------
      Total |     390 |      52 |  11.8 |      70 |       4 |   5.4
            +---------+---------+-------+---------+---------+-------
        D:1 |      25 |       0 |   0.0 |      13 |       0 |   0.0
        D:2 |     164 |      48 |  22.6 |      27 |       2 |   6.9
        D:3 |     128 |       4 |   3.0 |      22 |       2 |   8.3
        D:4 |      73 |       0 |   0.0 |       8 |       0 |   0.0
            +---------+---------+-------+---------+---------+-------
